 Dungeon Crawl Stone Soup version 0.16.1-51-g6203257 (webtiles) character file.

795 kae the Spear-Bearer (level 7, 0/52 HPs)
             Began as a Merfolk Fighter on July 10, 2015.
             Slain by an orc wizard
             ... wielding a +0 dagger of distortion
              (19 damage)
             ... on level 5 of the Dungeon.
             The game lasted 00:06:40 (4246 turns).

kae the Spear-Bearer (Merfolk Fighter)              Turns: 4246, Time: 00:06:41

Health: 0/52       AC: 14    Str: 18    XL:     7   Next: 89%
Magic:  7/7        EV: 12    Int:  7    God:
Gold:   290        SH:  9    Dex: 19    Spells: 0 memorised, 6 levels left

rFire  + . .     SeeInvis .     a - +1 trident
rCold  + . .     Clarity  .     v - +2 scale mail {rF+}
rNeg   . . .     SustAb   .     c - +0 shield
rPois  .         Gourm    .     e - +0 helmet
rElec  .         Spirit   .     s - +0 cloak
rCorr  .         Warding  .     f - +2 pair of gloves
rMut   .         Stasis   .     r - +0 pair of boots
MR     .....                    (no amulet)
Stlth  +.........               (no ring)
                                A - ring of protection from cold

@: agile, not resistant to hostile enchantments, very unstealthy
A: change form in water, swift swim
a: no special abilities


You were on level 5 of the Dungeon.
You were not hungry.

You visited 1 branch of the dungeon, and saw 5 of its levels.
You also visited: Sewer.

You collected 290 gold pieces.

Inventory:

Hand weapons
 a - a +1 trident (weapon)
Missiles
 h - a sling bullet
Armour
 c - a +0 shield (worn)
 e - a +0 helmet (worn)
 f - a +2 pair of gloves (worn)
 r - a +0 pair of boots (worn)
 s - a +0 cloak (worn)
 v - a +2 scale mail of fire resistance (worn)
Jewellery
 A - a ring of protection from cold (left hand)
 C - an uncursed ring of fire {unknown}
Magical devices
 B - a wand of enslavement (7)
Scrolls
 b - a scroll of magic mapping
 g - 2 scrolls of remove curse
 j - 2 scrolls of recharging {unknown}
 l - a scroll of fear
 x - 4 scrolls of teleportation {unknown}
 y - a scroll of fog
Potions
 n - a potion of magic
 o - a potion of brilliance
 p - a potion of poison {unknown}
 t - 2 potions of flight
 u - a potion of berserk rage {unknown}
 z - a potion of cancellation {unknown}
Comestibles
 d - 2 bread rations
 m - a meat ration


   Skills:
 - Level 3.2 Fighting
 + Level 12.1 Polearms
 - Level 2.1 Armour
 - Level 3.0 Shields


You had 6 spell levels left.
You didn't know any spells.

Dungeon Overview and Level Annotations

Branches:
Dungeon (5/15)
 Temple: D:4-7

Altars:
Cheibriados
Elyvilon
Gozag
Vehumet
Zin

Annotations:
D:5 Dowan, Duvessa


Message History

You are too injured to fight recklessly!
You are too injured to fight recklessly!
Unknown command.
You are too injured to fight recklessly!
You are too injured to fight recklessly!
Attack whom?
Press: ? - help, Dir - move target cursor, f - Dowan
Aim: Dowan, wielding a dagger of pain and wearing a robe (moderately wounded)
You reach to attack!
You closely miss Dowan.
Dowan is moderately wounded.
You feel sick.
Drink which item? (? for menu, Esc to quit)
You feel better.
You puncture Duvessa!
Duvessa is almost dead.
The orc wizard hits you but does no damage.
Space bends around you. You block Dowan's attack.
The orc wizard hits you but does no damage.
Space warps horribly around you!
You die...

#...................
#...................
#.........#.........
###......#.........
..#########...####...##.
......#...#...#......###
..........#...#......###
...............#......#.[
........@e...###......#..
....$..eo)............#..
.......o......)......#..
.....................#..
......................#..
....#.....#..........+..
.##.....#.....##.###..
#.....#......#......
.......#...##.#......


You could see Duvessa, Dowan, an orc wizard and an orc.

Vanquished Creatures
  Grinder (D:5)
  Edmund (D:4)
  A water moccasin zombie (D:5)
  Crazy Yiuf (D:2)
  A giant frog skeleton (D:5)
  2 orc wizards
  2 worker ants (D:4)
  A worker ant zombie (D:5)
  5 adders
  A giant mite (D:4)
  A river rat (D:4)
  A shadow imp (D:5)
  5 worms
  An adder skeleton (D:4)
  6 giant geckos
  3 oozes (Sewer)
  17 orcs
  3 ball pythons
  A bat zombie (D:5)
  12 giant cockroaches
  7 goblins
  16 hobgoblins
  7 jackals
  2 quokkas
  16 bats
  11 giant newts
  9 kobolds
  A quokka zombie (D:5)
  9 rats
144 creatures vanquished.

Notes
Turn   | Place    | Note
--------------------------------------------------------------
     0 | D:1      | kae, the Merfolk Fighter, began the quest for the Orb.
     0 | D:1      | Reached XP level 1. HP: 18/18 MP: 1/1
    79 | D:1      | Reached skill level 4 in Polearms
    79 | D:1      | Reached XP level 2. HP: 20/24 MP: 2/2
   449 | D:1      | Reached skill level 5 in Polearms
   449 | D:1      | Reached XP level 3. HP: 29/29 MP: 3/3
   951 | D:2      | Reached skill level 6 in Polearms
  1084 | D:2      | Reached XP level 4. HP: 33/35 MP: 4/4
  1128 | D:2      | Noticed Crazy Yiuf
  1144 | D:2      | Killed Crazy Yiuf
  1434 | D:3      | Reached skill level 7 in Polearms
  1434 | D:3      | Reached XP level 5. HP: 31/41 MP: 5/5
  1789 | D:3      | Found a snail-covered altar of Cheibriados.
  1789 | D:3      | Found a radiant altar of Vehumet.
  2290 | D:4      | Found a glowing drain.
  2295 | D:4      | Reached skill level 8 in Polearms
  2511 | Sewer    | Entered a sewer
  2805 | Sewer    | Reached XP level 6. HP: 47/47 MP: 6/6
  3166 | D:4      | Reached skill level 9 in Polearms
  3307 | D:4      | Found a glowing silver altar of Zin.
  3307 | D:4      | Found an opulent altar of Gozag.
  3500 | D:4      | Noticed Edmund
  3514 | D:4      | Killed Edmund
  3514 | D:4      | Reached skill level 10 in Polearms
  3514 | D:4      | Reached XP level 7. HP: 45/52 MP: 7/7
  3692 | D:5      | Entered Level 5 of the Dungeon
  3719 | D:5      | Found a white marble altar of Elyvilon.
  3741 | D:5      | Noticed Grinder
  3754 | D:5      | Paralysed by Grinder for 3 turns
  3758 | D:5      | HP: 1/52 [Grinder (5)]
  3768 | D:5      | Paralysed by Grinder for 3 turns
  3788 | D:5      | Killed Grinder
  3788 | D:5      | Reached skill level 11 in Polearms
  4169 | D:5      | Reached skill level 12 in Polearms
  4221 | D:5      | Noticed Dowan
  4222 | D:5      | Noticed Duvessa
  4246 | D:5      | Slain by an orc wizard

Action                   |  1- 3 |  4- 6 |  7- 9 || total
-------------------------+-------+-------+-------++-------
Melee: Trident           |   143 |   302 |   121 ||   566
  Use: Scroll            |     3 |     4 |     4 ||    11
       Potion            |       |     3 |     6 ||     9
  Eat: Chunk             |       |     9 |     2 ||    11
